 Dungeon Crawl Stone Soup version 0.19-a0-856-g54f7fbd (webtiles) character file.

7410 Arkorax the Fighter (level 11, 0/124 HPs)
             Began as an Ogre Monk on July 2, 2016.
             Was the Champion of Makhleb.
             Succumbed to a naga's poison
             ... on level 2 of the Lair of Beasts.
             The game lasted 00:20:06 (9082 turns).

Arkorax the Fighter (Ogre Monk)                     Turns: 9082, Time: 00:20:07

Health: 0/124      AC:  4    Str: 16 (18) XL:     11   Next: 14%
Magic:  14/14      EV:  9    Int:  9      God:    Makhleb [******]
Gold:   607        SH: 16    Dex: 15      Spells: 0 memorised, 10 levels left

rFire  . . .     SeeInvis .     u - +3 flail
rCold  + . .     Gourm    .     l - +1 animal skin
rNeg   . . .     Faith    .     n - +0 large shield
rPois  .         Spirit   .     (helmet restricted)
rElec  .         Dismiss  .     (no cloak)
rCorr  .         Reflect  .     (gloves unavailable)
SustAt .         Harm     .     (boots unavailable)
MR     ++...                    g - amulet of regeneration
Stlth  ++........               E - ring of protection from magic
                                j - ring of protection from cold

@: lethally poisoned (0 -> -56), very resistant to hostile enchantments,
unstealthy
A: unfitting armour, tough skin 1
a: Minor Destruction, Lesser Servant of Makhleb, Major Destruction, Greater
Servant of Makhleb, Renounce Religion


You were on level 2 of the Lair of Beasts.
You worshipped Makhleb.
Makhleb was exalted by your worship.
You were hungry.

You visited 2 branches of the dungeon, and saw 12 of its levels.
You also visited: Ossuary and Bailey.

You collected 607 gold pieces.

Inventory:

Hand Weapons
 u - a +3 flail (weapon)
 v - a +2 whip of pain
 F - a -3 whip
Missiles
 b - 2 throwing nets (quivered)
Armour
 l - a +1 animal skin (worn)
 n - a +0 large shield (worn)
Jewellery
 g - an amulet of regeneration (around neck)
 j - a ring of protection from cold (left hand)
 C - an uncursed ring of ice
 E - a ring of protection from magic (right hand)
Wands
 d - a wand of digging (2/24)
 f - a wand of confusion (19/48)
 h - a wand of flame (29/48)
 p - a wand of paralysis (11/24)
 K - a wand of random effects (48/48)
Scrolls
 a - a scroll of amnesia
 c - 4 scrolls of remove curse
 e - 2 scrolls of immolation
 m - a scroll of enchant armour
 q - a scroll of identify
Potions
 o - a potion of mutation
 r - a potion of agility
 w - a potion of ambrosia
 z - 2 potions of magic
 A - a potion of resistance
 B - 6 potions of curing
 D - a potion of might
 I - a potion of degeneration
Books
 s - a book of Ice

   Spells                             Type                      Level
   a - Ice Form                       Ice/Transmutation            4
   b - Metabolic Englaciation         Hexes/Ice                    5
   c - Ozocubu's Refrigeration        Ice                          6
   d - Bolt of Cold                   Conjuration/Ice              6
   e - Freezing Cloud                 Conjuration/Ice/Air          6
   f - Simulacrum                     Ice/Necromancy               6
 t - a book of Clouds

   Spells                             Type                      Level
   a - Mephitic Cloud                 Conjuration/Poison/Air       3
   b - Conjure Flame                  Conjuration/Fire             3
   c - Poisonous Cloud                Conjuration/Poison/Air       6
   d - Freezing Cloud                 Conjuration/Ice/Air          6
   e - Ring of Flames                 Charms/Fire                  7
 y - a Grand Grimoire

   Spells                             Type                      Level
   a - Monstrous Menagerie            Summoning                    7
   b - Summon Greater Demon           Summoning                    7
   c - Malign Gateway                 Summoning/Translocation      7
   d - Summon Horrible Things         Summoning                    8
Comestibles
 i - 2 slices of pizza
 k - a royal jelly
 x - 5 fruits


   Skills:
 + Level 12.5 Fighting
 + Level 12.3 Maces & Flails
 - Level 3.5 Dodging
 - Level 1.5 Stealth
 + Level 8.5 Shields
 - Level 4.5 Invocations


You had 10 spell levels left.
You didn't know any spells.

Dungeon Overview and Level Annotations

Branches:
Dungeon (10/15)            Temple (0/1) D:7            Lair (2/6) D:8
  Snake (0/4) Lair:2          Orc (0/2) D:9
  Swamp: Lair:2-4    Shoals: Lair:2-4

Altars:
Fedhas
Kikubaaqudgha
Makhleb
Uskayaw
Zin
The Shining One

Shops:
D:7 [

Annotations:
D:5 Arkorax's ghost, novice DrMo
Lair:1 3 exclusions


Innate Abilities, Weirdness & Mutations

You are too large for most types of armour.
You have tough skin. (AC +1)


Message History

You are lethally poisoned!
You block the naga's attack. x4; You block the river rat's attack.
You see here a river rat corpse.
You hit the naga.
The naga is heavily wounded.
You feel very sick. The naga hits you with a dire flail!
* * * LOW HITPOINT WARNING * * *
The naga closely misses you. The naga spits poison at you.
The splash of poison misses you. You block the naga's attack.
* * * LOW HITPOINT WARNING * * *
You feel very sick.
The naga hits you from afar with a halberd of venom!
* * * LOW HITPOINT WARNING * * *
You are more poisoned.
You block the river rat's attack.
* * * LOW HITPOINT WARNING * * *
You feel very sick.
You die...

#..## ##P.....#
#....####...###
.....#.....#
#......###
##....## #.
#.#...# ...#
##...##
.$...##...#
#......@##
####..>.###
#..rN#.#
###..†##
#..NlN..#
#....r..#
...........#
......>.....#
............)..


You could see a komodo dragon, 3 nagas and 2 river rats.

Vanquished Creatures
  An unseen horror (D:8)
  Joseph (D:9)
  A rime drake (Lair:2)
  A komodo dragon (Lair:2)
  8 yaks
  2 hippogriffs
  2 hungry ghosts (D:9)
  A warg (D:8)
  2 water moccasins (Lair:2)
  2 orc warriors
  A sky beast (D:6)
  A necrophage (D:7)
  An ice beast (D:10)
  A black bear (D:8)
  2 ogres
  A phantom (D:3)
  3 centaurs
  A crocodile (Lair:1)
  2 elf zombies (Ossuary)
  A big kobold (D:4)
  Blork the orc (D:4)
  7 giant frogs
  A gnoll sergeant (D:8)
  3 scorpions
  A water moccasin skeleton (D:4)
  2 killer bees (Lair:2)
  2 howler monkeys (D:7)
  3 crimson imps
  5 hounds
  A human zombie (Ossuary)
  6 jellies
  4 orc priests
  A centaur skeleton (D:9)
  7 orc wizards
  9 worker ants
  A hound skeleton (D:6)
  3 mummies
  Robin (D:2)
  A howler monkey skeleton (D:8)
  14 gnolls
  7 adders
  A river rat (Lair:2)
  A shadow imp (D:7)
  An ooze (D:1)
  An adder zombie (Ossuary)
  3 adder skeletons
  A worm (D:2)
  5 dart slugs
  11 giant geckos
  16 orcs
  2 giant cockroaches (D:3)
  14 goblins
  11 hobgoblins
  7 jackals
  55 kobolds
  3 quokkas
  4 bats
  5 giant newts
  5 goblin zombies
  7 hobgoblin zombies (Ossuary)
  12 kobold zombies
  10 orc zombies (Ossuary)
  A quokka skeleton (D:3)
  8 rats
  A rat zombie (Ossuary)
300 creatures vanquished.

Vanquished Creatures (collateral kills)
  A spiny frog (Lair:1)
  A giant frog (Lair:1)
2 creatures vanquished.

Grand Total: 302 creatures vanquished

Notes
Turn   | Place    | Note
-------+----------+-------------------------------------------
     0 | D:1      | Arkorax the Ogre Monk began the quest for the Orb.
     0 | D:1      | Reached XP level 1. HP: 24/24 MP: 1/1
   236 | D:1      | Reached XP level 2. HP: 33/33 MP: 2/2
   445 | D:1      | Reached XP level 3. HP: 24/40 MP: 3/3
   525 | D:2      | Noticed Robin
   961 | D:2      | Killed Robin
   961 | D:2      | Reached XP level 4. HP: 41/49 MP: 4/4
  1014 | D:2      | Reached skill level 5 in Fighting
  1705 | D:3      | Reached skill level 1 in Shields
  1815 | D:3      | Reached skill level 5 in Maces & Flails
  1815 | D:3      | Reached XP level 5. HP: 45/57 MP: 5/5
  1823 | D:3      | Found a burning altar of Makhleb.
  1830 | D:3      | Became a worshipper of Makhleb the Destroyer
  1830 | D:3      | Reached * piety under Makhleb
  1830 | D:3      | Reached ** piety under Makhleb
  2316 | D:3      | Noticed a phantom
  2363 | D:3      | Killed a phantom
  2363 | D:3      | Reached XP level 6. HP: 49/67 MP: 6/6
  2389 | D:4      | Found a glowing silver altar of Zin.
  2469 | D:4      | Reached *** piety under Makhleb
  2549 | D:4      | Noticed Blork the orc
  2565 | D:4      | Killed Blork the orc
  2739 | D:4      | Reached XP level 7. HP: 74/76 MP: 7/7
  2833 | D:4      | Reached **** piety under Makhleb
  3058 | D:4      | Found a hide-covered altar of Uskayaw.
  3074 | D:4      | Found a glowing golden altar of the Shining One.
  3084 | D:4      | Found a blossoming altar of Fedhas.
  3705 | D:5      | Entered Level 5 of the Dungeon
  3822 | D:5      | Noticed Arkorax's ghost (novice DrMo)
  3869 | D:6      | Reached XP level 8. HP: 36/88 MP: 8/8
  4632 | D:6      | Reached ***** piety under Makhleb
  5058 | D:7      | Reached skill level 5 in Shields
  5241 | D:7      | Found a staircase to the Ecumenical Temple.
  5258 | D:7      | Found Ofuqu's Armour Shoppe.
  5309 | D:7      | Reached XP level 9. HP: 92/98 MP: 9/9
  5564 | D:7      | Found an ancient bone altar of Kikubaaqudgha.
  5714 | D:7      | Reached skill level 1 in Invocations
  6139 | D:8      | Found a sand-covered staircase.
  6146 | Ossuary  | Entered an ossuary
  6289 | Ossuary  | Reached skill level 10 in Fighting
  6714 | D:8      | Killed an unseen horror
  6714 | D:8      | Reached skill level 10 in Maces & Flails
  6875 | D:8      | Reached XP level 10. HP: 45/111 MP: 12/12
  7057 | D:8      | Reached ****** piety under Makhleb
  7082 | D:8      | Found a staircase to the Lair.
  7235 | D:9      | Noticed Joseph
  7318 | D:9      | Killed Joseph
  7493 | D:9      | Found a flagged portal.
  7558 | Bailey   | Entered a bailey
  7810 | D:9      | Found a staircase to the Orcish Mines.
  8003 | D:10     | Entered Level 10 of the Dungeon
  8473 | D:10     | Noticed a hill giant
  8589 | Lair:1   | Entered Level 1 of the Lair of Beasts
  8589 | Lair:1   | Noticed a spiny frog
  8601 | Lair:1   | Killed a spiny frog
  8780 | Lair:1   | Reached XP level 11. HP: 117/123 MP: 14/14
  9059 | Lair:2   | Found a staircase to the Snake Pit.
  9081 | Lair:2   | HP: 6/124 [poisoned by a naga]
  9082 | Lair:2   | Succumbed to a naga's poison

Vault maps used:
D:1:      ncdulo_smallfort
D:2:      st_stairs_14, uniq_robin
D:3:      grunt_ministairs_7, makhleb_blood_cavern_becter
D:4:      minmay_goblin_kobold_castle, lemuel_doored_altar, zin_academy,
          minitemple, uniq_blork_the_orc
D:5:      first_bread, uniq_pikel, uniq_duvessa
D:7:      kennysheep_little_box, serial_shops, nicolae_shop_crystal
D:8:      erik_lair_orcish_takeover, nicolae_ossuary_entry_giza
D:9:      orc_0_dummy, enter_bailey_8, uniq_joseph
Lair:1:   special_room, grunt_megastairs_4, infiniplex_staircase_pool_2
Lair:2:   minmay_snake_entry_guardpost_small, grunt_forest_large_clearings
Ossuary:  ossuary_tomb_1
Bailey:   bailey_polearm_5, bailey

Skill      XL: |  1  2  3  4  5  6  7  8  9 10 |
---------------+-------------------------------+-----
Dodging        | 3 |  3.5
Fighting       | 5 6 8 9 10 12 | 12.5
Shields        | 1 2 3 4 5 6 8 |  8.5
Maces & Flails | 5 6 7 9 10 12 | 12.3
Invocations    | 3 4 |  4.5
Stealth        | |  1.5

Action                   |  1- 3 |  4- 6 |  7- 9 | 10-12 || total
-------------------------+-------+-------+-------+-------++-------
Melee: Mace              |   123 |    87 |       |       ||   210
       Flail             |       |   174 |   642 |   305 ||  1121
Invok: Lesser Servant of |       |       |       |     2 ||     2
Evoke: Wand              |       |       |       |     2 ||     2
  Use: Potion            |       |       |    13 |     3 ||    16
       Scroll            |       |       |    19 |     6 ||    25
 Stab: Sleeping          |     1 |     5 |     5 |     1 ||    12
       Distracted        |       |     2 |       |       ||     2
  Eat: Bread ration      |       |     2 |     1 |     1 ||     4
       Chunk             |       |       |     3 |       ||     3
       Beef jerky        |       |       |     3 |     1 ||     4
       Pizza             |       |       |     1 |       ||     1
       Fruit             |       |       |       |     2 ||     2
       Meat ration       |       |       |       |     1 ||     1
Armor: Robe              |    56 |       |       |       ||    56
       Animal skin       |       |    62 |    84 |    39 ||   185
       Skin              |       |       |    29 |       ||    29
Dodge: Dodged            |   122 |    80 |   121 |    73 ||   396
Block: Large shield      |       |   207 |   399 |   211 ||   817
